 Dungeon Crawl Stone Soup version 0.30-a0-1074-g5db6f66fbb (webtiles) character file.

Game seed: 10142421950462396326

823 retardedninja the Trooper (level 7, -5/67 HPs)
             Began as a Naga Fighter on Apr 13, 2023.
             Was an Initiate of Hepliaklqana.
             Slain by an ogre
             ... wielding a +0 giant club
              (17 damage)
             ... on level 5 of the Dungeon.
             The game lasted 00:07:58 (5029 turns).

retardedninja the Trooper (Naga Fighter)            Turns: 5029, Time: 00:07:58

Health: -5/67      AC: 11    Str: 27    XL:     7   Next: 96%
Magic:  7/7        EV:  7    Int:  8    God:    Hepliaklqana [......]
Gold:   199        SH:  5    Dex: 10    Spells: 6/6 levels left

rFire   . . .      SeeInvis +    a - +0 war axe
rCold   . . .      Faith    .    c - +1 buckler
rNeg    . . .      Spirit   .    b - +1 scale mail
rPois   +          Reflect  .    p - +0 helmet
rElec   .          Rampage  .    s - +2 cloak
rCorr   .                        (no gloves)
Will    .....                    (no barding) Stlth
                                 (no amulet)
HPRegen 0.31/turn                j - +6 ring of strength
MPRegen 0.10/turn                (no ring)

@: mighty, very slow
A: AC +2, large, see invisible, deformed body, poison resistance, slowness 2,
spit poison 1, naga tail 1
a: Spit Poison, Renounce Religion


You were on level 5 of the Dungeon.
You worshipped Hepliaklqana.
Hepliaklqana was noncommittal.
You visited 2 branches of the dungeon, and saw 6 of its levels.

You collected 199 gold pieces.

Inventory:

Hand Weapons
 a - a +0 war axe (weapon)
Armour
 b - a +1 scale mail (worn)
 c - a +1 buckler (worn)
 p - a +0 helmet (worn)
 s - a +2 cloak (worn)
Jewellery
 j - a +6 ring of strength (left hand)
 x - a ring of protection from cold
Wands
 q - a wand of digging (3)
 w - a wand of roots (2)
Scrolls
 e - 2 scrolls of teleportation
 f - a scroll of vulnerability
 k - a scroll of noise {unknown}
 l - 2 scrolls of magic mapping {unknown}
 m - 2 scrolls of torment {unknown}
 n - a scroll of fear {unknown}
 t - 2 scrolls of identify
Potions
 g - 2 potions of cancellation
 h - 2 potions of lignification
 i - 2 potions of attraction {unknown}
 r - 2 potions of degeneration {unknown}
 u - 2 potions of brilliance {unknown}
 v - a potion of haste {unknown}


   Skills:
 + Level 5.1 Fighting
 + Level 4.7 Axes
 + Level 4.3 Armour
 + Level 4.7 Shields


You had 6 spell levels left.
You didn't know any spells.
Your spell library contained the following spells:

 Spells                   Type           Power      Damage    Failure   Level
 Cigotuvi's Dreadful Rot  Necr/Pois/Air  0%         N/A       86%         2
 Ignite Poison            Fire/Tmut/Pois 0%         N/A       98%         3
 Freezing Cloud           Conj/Ice/Air   0%         6-21      100%        5


Dungeon Overview and Level Annotations

Branches:
Dungeon (5/15)             Temple (1/1) D:4

Altars:
Ashenzari
Cheibriados
Fedhas
Gozag
Hepliaklqana
Kikubaaqudgha
Makhleb
Nemelex Xobeh
Okawaru
Qazlal
Sif Muna
Trog
Uskayaw
Vehumet
Wu Jian
Yredelemnul
Zin
The Shining One

Annotations:
D:5 Menkaure


Innate Abilities, Weirdness & Mutations

Your serpentine skin is tough. (AC +2)
You have supernaturally acute eyesight. (SInv)
Armour fits poorly on your strangely shaped body.
Your system is resistant to poisons. (rPois)
You cover ground very slowly.
You can spit poison.
You have a snake-like lower body.


Message History

The shadow imp gestures at you. You resist with significant effort.
You slash the phantom!
The phantom is moderately damaged.
The phantom hits you.
Unknown command.
You feel very mighty all of a sudden. The phantom barely misses you.
Menkaure shrieks, "Why can't you leave me to my rest?"
You barely miss the phantom.
The phantom is moderately damaged.
The phantom hits you but does no damage. x2
You slash the phantom!
The phantom is almost destroyed.
You block the phantom's attack.
You slash the phantom!
You destroy the phantom!
You slash the shadow imp!
You kill the shadow imp!
The ogre hits you with a +0 giant club!!
* * * LOW HITPOINT WARNING * * *
You closely miss the ogre.
Menkaure mumbles some strange words.
Menkaure seems to speed up.
Aiming: Fastroot
Press: ? - help, Q - select action, (/) - cycle Shift-Dir - straight line, f - ogre
Aim: an ogre, wielding a +0 giant club The roots erupt in riotous growth!
Roots grab the ogre.
The grasping roots constrict the ogre!
You block the ogre's attack.
Unknown command.
Aiming: Fastroot
Press: ? - help, Q - select action, (/) - cycle Shift-Dir - straight line, f - Menkaure, p - ogre
Aim: Menkaure (fast)
The roots erupt in riotous growth!
The ogre is unaffected.
Roots grab Menkaure.
The grasping roots constrict Menkaure.
The grasping roots constrict the ogre!
The roots release their grip on the ogre.
The ogre hits you with a +0 giant club!
You die...

#'#.##......# #
#.#.##......######
#.#.'.......).....
##.#.##############
#≈.#.# ### #≈.#.#
#.. ##>### #(# #.#
#.# #@# #.# #O#
##.# #M. #... #...
#§## #.... #§§§ .
#........### ####
?. #....[.....# ...
#..........# ....
#......#


You could see an ogre and Menkaure (fast, rooted).

Vanquished Creatures
  A black bear (D:4)
  An ice beast (D:5)
  2 phantoms (D:5)
  A scorpion (Temple)
  A howler monkey (D:5)
  2 vampire bats (D:4)
  A hound (D:5)
  Ijyb (D:3)
  An orc wizard (Temple)
  Robin (D:2)
  3 adders
  5 gnolls (D:5)
  2 shadow imps (D:5)
  A white imp (D:5)
  2 worms
  4 dart slugs
  8 orcs
  3 bat skeletons (D:4)
  A bat zombie (D:4)
  8 endoplasms
  7 giant cockroaches
  8 goblins
  11 hobgoblins
  3 jackals (D:2)
  10 kobolds
  2 quokkas (D:3)
  A ball python (D:3)
  5 bats
  2 frilled lizards
  7 rats
105 creatures vanquished.

Notes
Turn   | Place    | Note
-------+----------+-------------------------------------------
     0 | D:1      | retardedninja the Naga Fighter began the quest for the Orb.
     0 | D:1      | Reached XP level 1. HP: 21/21 MP: 1/1
   262 | D:1      | Reached XP level 2. HP: 28/28 MP: 2/2
   650 | D:1      | Reached XP level 3. HP: 34/34 MP: 3/3
   900 | D:1      | Found a faded altar of an unknown god.
   962 | D:2      | Found a glowing golden altar of the Shining One.
  1346 | D:2      | Noticed Robin
  1370 | D:2      | Reached XP level 4. HP: 24/42 MP: 4/4
  1371 | D:2      | Killed Robin
  1676 | D:3      | Noticed Ijyb
  1693 | D:3      | Killed Ijyb
  1996 | D:3      | Reached XP level 5. HP: 44/50 MP: 5/5
  2907 | D:4      | Found a staircase to the Ecumenical Temple.
  2921 | Temple   | Entered the Ecumenical Temple
  3037 | D:4      | Found a bloodstained altar of Trog.
  3061 | Temple   | Reached skill level 4 in Fighting
  3061 | Temple   | Reached XP level 6. HP: 18/57 MP: 6/6
  3305 | D:4      | Found a burning altar of Makhleb.
  3541 | D:4      | Noticed a black bear
  3552 | D:4      | Killed a black bear
  4194 | D:4      | Found an ancient bone altar of Kikubaaqudgha.
  4236 | D:4      | Reached XP level 7. HP: 55/66 MP: 7/7
  4344 | D:5      | Entered Level 5 of the Dungeon
  4912 | D:5      | Found a hazy altar of Hepliaklqana.
  4946 | D:5      | Became a worshipper of Hepliaklqana the Forgotten
  4983 | D:5      | Found Zetuveuf's Jewellery Shoppe.
  5002 | D:5      | Reached skill level 5 in Fighting
  5019 | D:5      | Noticed Menkaure
  5029 | D:5      | Slain by an ogre

Illustrated notes

Levels and vault maps discovered:
D:1:      dpeg_arrival_three_same_balls, layout_loops_ring,
          hellmonk_ecumenical_altar_defaced_shrine, minivault_26
D:2:      layout_basic, basic_altar, uniq_robin
D:3:      layout_basic, nicolae_elevator_lobby_plus, uniq_ijyb
D:4:      layout_basic, kennysheep_vampire_church,
          mainiacjoe_overflow_catch_the_wave, minmay_temple_entry_stoned_glass
D:5:      layout_basic, nzn_hepliaklqana_mist_gate, serial_shops,
          nicolae_shop_hallway_stairs, grunt_ministairs_4,
          uniq_crazy_yiuf_cottage, uniq_menkaure
Temple:   jpeg_temple_clearing

Skill      XL: |  1  2  3  4  5  6  7 |
---------------+----------------------+-----
Shields        | 3 4 |  4.7
Axes           | 3 4 |  4.7
Armour         | 3 4 |  4.3
Fighting       | 4 5 |  5.1

Action                     |  1- 3 |  4- 6 |  7- 9 || total
---------------------------+-------+-------+-------++-------
  Melee: War axe           |   104 |   199 |    79 ||   382
  Evoke: Wand              |       |       |     2 ||     2
    Use: Scroll            |     7 |       |     1 ||     8
         Potion            |       |     1 |     5 ||     6
 Armour: Scale mail        |    52 |   166 |    44 ||   262
  Dodge: Dodged            |    45 |    89 |    32 ||   166
  Block: Buckler           |    34 |    71 |    19 ||   124

Table legend: (Time is in decaauts)
 A = Elapsed time spent in this place.
 B = Non-inter-level travel time spent in this place.
 C = Inter-level travel time spent in this place.
 D = Time resting spent in this place.
 E = Time spent auto-exploring this place.
 F = Levels seen in this place.
 G = Mean time per level.
                   A        B        C        D        E       F      G
               +--------+--------+--------+--------+--------+-----+--------+
         Total |   6527 |   6226 |    301 |    625 |   4575 |   6 | 1087.8 |
       Dungeon |   6129 |   5852 |    277 |    393 |   4494 |   5 | 1225.8 |
        Temple |    397 |    374 |     23 |    232 |     81 |   1 |  397.0 |
               +--------+--------+--------+--------+--------+-----+--------+

Top non-repeatable levels by time:
     D:4: 1588 daAuts
     D:3: 1512 daAuts
     D:1: 1297 daAuts
     D:2: 947 daAuts
     D:5: 784 daAuts
  Temple: 397 daAuts
